 Dungeon Crawl Stone Soup version 0.23-b1-6-ga921848 (webtiles) character file.

Game seed: 12467135309672189876

257 Hylith the Chopper (level 6, -13/56 HPs)
             Began as a Hill Orc Monk on Feb 1, 2019.
             Mangled by an orc warrior
             ... wielding a +0 mace
              (15 damage)
             ... on level 4 of the Dungeon.
             The game lasted 00:07:44 (2955 turns).

Hylith the Chopper (Hill Orc Monk)                  Turns: 2955, Time: 00:07:44

Health: -13/56     AC:  9    Str: 16    XL:     6   Next: 16%
Magic:  6/6        EV: 10    Int: 10    God:
Gold:   135        SH:  0    Dex: 13    Spells: 5/5 levels left

rFire    + . .     SeeInvis .   a - +0 hand axe
rCold    . . .     Gourm    .   (no shield)
rNeg     . . .     Faith    .   o - +0 scale mail
rPois    +         Spirit   .   (no helmet)
rElec    .         Reflect  .   y - +0 cloak
rCorr    .         Harm     .   (no gloves)
MR       .....                  s - +0 pair of boots
Stlth    +.........             g - amulet of the acrobat
HPRegen  0.18/turn              f - ring of protection from fire
MPRegen  0.10/turn              n - ring of poison resistance

@: no status effects
A: no striking features
a: no special abilities


You were on level 4 of the Dungeon.
You were near starving.

You visited 1 branch of the dungeon, and saw 4 of its levels.

You collected 135 gold pieces.

Inventory:

Hand Weapons
 a - a +0 hand axe (weapon)
 d - a +3 short sword of draining
Armour
 o - a +0 scale mail (worn)
 s - a +0 pair of boots (worn)
 y - a +0 cloak (worn)
Jewellery
 f - a ring of protection from fire (left hand)
 g - an amulet of the acrobat (around neck)
 n - a ring of poison resistance (right hand)
Wands
 b - a wand of polymorph (12)
 q - a wand of acid (2)
Scrolls
 h - 4 scrolls of identify {unknown}
 j - a scroll of enchant armour {unknown}
 k - a scroll of teleportation {unknown}
 l - 2 scrolls of amnesia {unknown}
 m - a scroll of enchant weapon {unknown}
 p - 2 scrolls of remove curse {unknown}
 r - a scroll of fog {unknown}
 u - a scroll of random uselessness {unknown}
Potions
 e - 2 potions of curing {unknown}
 i - a potion of degeneration {unknown}
 t - a potion of mutation {unknown}
 v - a potion of haste {unknown}
 w - a potion of lignification {unknown}
 x - a potion of invisibility {unknown}
Comestibles
 c - 7 rations


   Skills:
 * Level 5.3 Fighting
 + Level 5.8 Axes
 * Level 2.8 Armour
 - Level 3.0 Dodging
 - Level 2.0 Stealth


You had 5 spell levels left.
You didn't know any spells.
Your spell library was empty.

Dungeon Overview and Level Annotations

Branches:
Dungeon (4/15)
 Temple: D:4-7

Altars:
Dithmenos
Gozag


Message History

The orc warrior is moderately wounded.
The orc warrior misses you.
You hit the orc warrior but do no damage.
The orc warrior is moderately wounded.
The orc warrior hits you with a +0 mace.
* * * LOW HITPOINT WARNING * * *
You hit the orc warrior but do no damage.
The orc warrior is moderately wounded.
The orc warrior closely misses you.
You hit the orc warrior.
The orc warrior is moderately wounded.
You closely miss the orc warrior.
The orc warrior is moderately wounded.
You are near starving!
The orc warrior hits you with a +0 mace.
* * * LOW HITPOINT WARNING * * *
You closely miss the orc warrior.
The orc warrior is moderately wounded.
The orc warrior hits you with a +0 mace!
You die...

##..............#
##......##
#.............##
###.##..###
##...........##
##..####.## ##
##.........##
##..## #..# .##
##.......##
##..## ##o## ..##
##.....## ##o.##
#..# ...##
##...## ##oo##
##o## ....##
##### ##o### #(.#
.....# ###@##
##.# #....#
##..## ##. .#####
##..## . ..##
######..## #
#..####.......#
##......####..#
#..##.### #..##
##.......####..#
#.........###..#


You could see an orc warrior and 3 orcs.

Vanquished Creatures
  A scorpion (D:4)
  A bullfrog skeleton (D:4)
  Jessica (D:3)
  Ijyb (D:3)
  A worker ant (D:4)
  3 adders (D:2)
  An adder skeleton (D:4)
  A worm (D:2)
  2 dart slugs
  2 leopard geckos
  3 orcs (D:3)
  3 ball pythons
  A giant cockroach (D:3)
  9 goblins
  8 hobgoblins
  3 jackals (D:3)
  A quokka (D:2)
  7 bats
  4 frilled lizards
  11 kobolds
  8 rats
72 creatures vanquished.

Notes
Turn   | Place    | Note
-------+----------+-------------------------------------------
     0 | D:1      | Hylith the Hill Orc Monk began the quest for the Orb.
     0 | D:1      | Reached XP level 1. HP: 19/19 MP: 1/1
   104 | D:1      | Reached XP level 2. HP: 8/27 MP: 2/2
   790 | D:2      | Reached XP level 3. HP: 33/33 MP: 3/3
  1141 | D:2      | Reached XP level 4. HP: 39/41 MP: 4/4
  1359 | D:2      | Reached skill level 1 in Armour
  1564 | D:3      | Found a shadowy altar of Dithmenos.
  1665 | D:3      | Noticed Jessica
  1669 | D:3      | Killed Jessica
  1669 | D:3      | Reached skill level 5 in Axes
  1669 | D:3      | Reached XP level 5. HP: 32/47 MP: 5/5
  1988 | D:3      | Noticed Ijyb
  2018 | D:3      | Killed Ijyb
  2018 | D:3      | Reached skill level 5 in Fighting
  2649 | D:4      | Found an opulent altar of Gozag.
  2774 | D:4      | Reached XP level 6. HP: 38/56 MP: 6/6
  2915 | D:4      | Noticed an orc warrior
  2954 | D:4      | HP: 2/56 [orc warrior/+0 mace (3)]
  2955 | D:4      | Mangled by an orc warrior

Skill      XL: |  1  2  3  4  5 |
---------------+----------------+-----
Fighting       | 4 5 |  5.3
Dodging        | 3 |  3.0
Stealth        | 2 |  2.0
Armour         | 1 2 |  2.8
Axes           | 5 |  5.8

Action                   |  1- 3 |  4- 6 || total
-------------------------+-------+-------++-------
Melee: Hand axe          |    21 |   138 ||   159
       Short sword       |    69 |    54 ||   123
 Stab: Sleeping          |     6 |     1 ||     7
  Eat: Chunk             |       |     2 ||     2
       Ration            |       |     1 ||     1
Armor: Robe              |    11 |     3 ||    14
       Ring mail         |       |     5 ||     5
       Scale mail        |       |    43 ||    43
Dodge: Dodged            |    78 |   115 ||   193
